Map: [ESL] Site Delta

Players

trigger

  • Race: Protoss Protoss
  • Spawn Location: 11:00

Cham - Winner!

  • Race: Zerg Zerg
  • Spawn Location: 5:00

Event: ESL SC2 Masters 2024 Spring (Regional)

VOD

Have the link to the VOD?

Description

Time

  • Played on: May 2, 2024, 4:39 p.m.
  • Length: 10:45

All games in this series

Show
View Real Time Build Order
Export as new Build Order

trigger Protoss 

Build Orders: 1 Gate Expand, Oracle Opening 

Get SALT Encoding   

  12  0:00  Probe  
  13  0:16  Pylon  
  13  0:17  Probe (Chrono Boost)  
  14  0:27  Probe (Chrono Boost)  
  15  0:32  Probe (Chrono Boost)  
  16  0:39  Gateway  
  16  0:44  Probe  
  16  0:49  Assimilator  
  17  0:56  Probe  
  18  1:08  Probe  
  19  1:21  Nexus  
  19  1:31  Cybernetics Core  
  19  1:36  Assimilator  
  20  1:40  Probe (Chrono Boost)  
  20  1:51  Probe (Chrono Boost)  
  20  1:53  Pylon  
  21  1:55  Probe (Chrono Boost)  
  22  2:06  Probe (Chrono Boost)  
  23  2:10  Adept  
  25  2:18  Stargate, Probe (Chrono Boost)  
  26  2:23  Probe (Chrono Boost)  
  27  2:32  Warp Gate  
  27  2:36  Probe (Chrono Boost)  
  29  2:37  Probe (Chrono Boost)  
  29  2:40  Adept  
  29  2:44  Probe (Chrono Boost)  
  32  2:46  Probe (Chrono Boost)  
  32  2:50  Probe  
  33  2:56  Probe  
  35  3:00  Oracle (Chrono Boost)  
  35  3:02  Probe  
  39  3:08  Probe  
  40  3:14  Probe  
  41  3:21  Probe  
  41  3:26  Probe  
  41  3:27  Nexus  
  43  3:28  Pylon  
  43  3:32  Oracle (Chrono Boost)  
  46  3:45  Probe x2  
  46  3:47  Pylon  
  46  3:57  Pylon, Probe x2  
  46  4:01  Oracle  
  46  4:02  Gateway  
  51  4:09  Probe x2  
  53  4:10  Shield Battery  
  53  4:11  Assimilator  
  53  4:18  Assimilator  
  53  4:20  Twilight Council  
  53  4:21  Probe  
  54  4:27  Probe  
  55  4:34  Forge  
  55  4:35  Gateway, Adept  
  57  4:41  Probe (Chrono Boost)  
  57  4:42  Probe (Chrono Boost)  
  60  4:45  Probe (Chrono Boost)  
  60  4:47  Gateway  
  62  4:53  Probe x2 (Chrono Boost)  
  62  4:55  Probe (Chrono Boost)  
  62  4:58  Probe (Chrono Boost)  
  64  5:01  Protoss Ground Weapons Level 1, Probe x2  
  64  5:04  Blink (Chrono Boost)  
  63  5:07  Probe  
  63  5:13  Probe, Gateway  
  65  5:16  Probe  
  65  5:20  Probe  
  67  5:21  Robotics Facility  
  67  5:22  Pylon  
  67  5:25  Probe  
  68  5:32  Probe  
  68  5:33  Probe  
  70  5:35  Assimilator  
  70  5:37  Probe, Gateway  
  70  5:38  Gateway  
  70  5:39  Stalker x2  
  75  5:44  Probe  
  75  5:46  Pylon  
  76  5:51  Stalker x2  
  76  5:53  Probe  
  76  5:56  Gateway  
  81  5:58  Probe  
  81  6:02  Stalker x2  
  86  6:06  Pylon  
  86  6:07  Observer (Chrono Boost)  
  87  6:18  Stalker x2, Gateway  
  87  6:22  Gateway  
  87  6:23  Pylon  
  87  6:25  Warp Prism (Chrono Boost)  
  91  6:26  Pylon  
  93  6:36  Stalker x4  
  93  6:39  Stalker  
  103  6:45  Stalker x2  
  107  6:51  Stalker  
  107  6:53  Pylon  
  109  7:00  Stalker x4  
  117  7:10  Stalker x2  
  117  7:11  Stalker  
  99  7:34  Stalker x8  
  99  7:35  Stalker x2  
  100  7:54  Assimilator  
  100  7:57  Zealot x4  
  100  7:58  Stalker x5  
  112  8:00  Zealot  
  112  8:15  Stalker x4  
  90  8:20  Zealot x4  
  82  8:31  Stalker  
  82  8:32  Stalker  
  80  8:37  Stalker  
  80  8:38  Stalker x3  
  86  8:43  Stalker x2  
  86  8:46  Stalker  
  92  8:56  Zealot x4  
  92  8:58  Zealot  
  92  9:02  Stalker  
  104  9:08  Zealot  
  104  9:09  Templar Archives, Observer (Chrono Boost)  
  107  9:17  Stalker x3  
  107  9:21  Stalker  
  115  9:24  Shield Battery  
  115  9:37  Zealot x3  
  116  9:46  Stalker x5  
  116  9:50  High Templar x2  
  129  9:57  Archon  
  129  9:59  Zealot x2  
  133  10:05  Zealot  
  101  10:14  Stalker x5  
  83  10:22  Zealot x2  
  83  10:26  Stalker  
  83  10:28  Zealot  
  71  10:30  Zealot  
Show
View Real Time Build Order
Export as new Build Order

Cham Zerg - Winner!

Build Orders: Hatch First 

Get SALT Encoding   

  12  0:00  Drone  
  13  0:08  Drone  
  14  0:32  Hatchery  
  14  0:35  Drone  
  14  0:42  Extractor  
  14  0:43  Drone  
  14  0:48  Overlord  
  15  1:02  Spawning Pool  
  14  1:07  Drone  
  15  1:12  Drone  
  15  1:15  Drone  
  17  1:19  Drone  
  18  1:29  Extractor  
  18  1:30  Drone  
  18  1:41  Drone  
  18  1:45  Drone  
  20  1:50  Queen x2  
  20  1:54  Drone  
  25  1:58  Drone  
  26  2:04  Drone  
  26  2:06  Overlord  
  27  2:14  Drone  
  28  2:25  Drone x2  
  28  2:27  Drone  
  31  2:35  Hatchery  
  30  2:39  Queen  
  32  2:44  Zergling x2  
  32  2:45  Zergling x2  
  32  2:49  Overlord  
  34  2:52  Drone  
  35  3:03  Extractor, Queen  
  37  3:12  Extractor  
  35  3:14  Drone x3  
  35  3:15  Spore Crawler  
  35  3:18  Queen  
  39  3:21  Drone x2  
  39  3:25  Drone  
  39  3:26  Overlord  
  44  3:28  Overlord  
  44  3:41  Extractor  
  44  3:46  Drone x4  
  47  3:50  Drone x4  
  53  3:57  Queen  
  53  3:58  Drone x2  
  53  3:59  Drone  
  58  4:04  Queen  
  58  4:05  Drone  
  58  4:08  Drone  
  62  4:12  Overlord  
  62  4:14  Drone  
  62  4:15  Drone  
  62  4:16  Drone  
  65  4:19  Lair  
  62  4:24  Drone  
  62  4:25  Drone  
  62  4:27  Drone  
  62  4:32  Drone x5  
  62  4:33  Drone x2  
  69  4:38  Extractor  
  69  4:39  Extractor x2  
  69  4:40  Drone x2  
  69  4:41  Evolution Chamber, Drone  
  68  4:46  Drone x4  
  68  4:47  Drone  
  68  4:50  Overlord  
  74  5:00  Zergling x2  
  74  5:05  Overlord  
  74  5:13  Overlord, Drone x3  
  74  5:14  Drone  
  78  5:15  Zerg Melee Weapons Level 1  
  78  5:16  Overlord  
  78  5:17  Roach Warren  
  78  5:19  Extractor  
  78  5:20  Drone x2, Extractor  
  78  5:21  Drone  
  78  5:27  Spire  
  75  5:31  Drone x2  
  75  5:33  Drone x3, Hatchery  
  75  5:34  Drone  
  78  5:36  Drone  
  78  5:38  Drone x2  
  78  5:40  Drone x2  
  83  5:43  Drone  
  83  5:47  Overlord, Drone  
  83  5:48  Drone  
  83  5:49  Zergling x2  
  86  5:51  Zergling x6  
  86  5:54  Metabolic Boost  
  89  5:57  Overlord  
  89  6:07  Zergling x6  
  89  6:09  Glial Reconstitution  
  89  6:11  Overlord, Hatchery  
  91  6:12  Zergling x2  
  91  6:14  Overseer  
  92  6:19  Zergling x2, Overlord  
  92  6:20  Zergling x4  
  92  6:22  Overlord  
  92  6:24  Overlord  
  93  6:34  Drone x2  
  93  6:38  Mutalisk  
  93  6:39  Mutalisk x5  
  107  6:42  Mutalisk  
  107  6:43  Mutalisk  
  111  6:47  Mutalisk x2  
  115  6:55  Mutalisk  
  115  6:57  Zergling x12  
  123  7:01  Drone  
  123  7:04  Overlord x2  
  123  7:08  Mutalisk x3  
  124  7:10  Zergling x2  
  129  7:17  Mutalisk  
  129  7:20  Zergling x8  
  127  7:26  Mutalisk  
  127  7:27  Zergling x2  
  127  7:28  Zergling x6  
  124  7:31  Mutalisk  
  124  7:35  Mutalisk  
  124  7:36  Zergling x2  
  124  7:37  Zergling x10  
  129  7:41  Mutalisk  
  129  7:42  Zergling x6  
  132  7:46  Extractor x2  
  132  7:47  Mutalisk  
  132  7:48  Zergling x2  
  132  7:50  Zergling x2  
  128  7:52  Mutalisk  
  128  7:55  Zergling x2  
  128  7:56  Zergling x2  
  131  7:58  Mutalisk  
  129  8:08  Mutalisk  
  129  8:09  Zergling x2  
  129  8:11  Mutalisk  
  122  8:17  Zergling x4  
  107  8:22  Mutalisk x2  
  107  8:23  Zergling x8  
  107  8:33  Mutalisk, Zergling x2  
  107  8:34  Zergling x18  
  112  8:38  Mutalisk  
  118  8:42  Hatchery  
  118  8:44  Zerg Flyer Weapons Level 1  
  118  8:45  Zergling x2  
  118  8:46  Zergling x4  
  120  8:53  Mutalisk x2  
  120  8:54  Zergling x4  
  124  8:56  Zergling x4  
  124  8:59  Mutalisk x2  
  124  9:00  Zergling x4  
  124  9:01  Zergling x2  
  134  9:03  Mutalisk  
  134  9:08  Zergling x4  
  138  9:10  Mutalisk  
  138  9:11  Zergling x4  
  142  9:17  Mutalisk  
  142  9:18  Zergling x6  
  147  9:27  Mutalisk  
  147  9:30  Zergling x2  
  147  9:31  Zergling x6  
  153  9:35  Mutalisk x2  
  153  9:36  Zergling x2  
  158  9:43  Mutalisk  
  158  9:44  Zergling x2  
  158  9:46  Mutalisk  
  158  9:51  Overlord  
  158  9:52  Overlord  
  159  10:06  Mutalisk x2  
  159  10:07  Mutalisk x2  
  148  10:08  Zergling x2  
  148  10:09  Zergling x10  
  148  10:12  Mutalisk  
  148  10:13  Zergling x2  
  149  10:15  Mutalisk  
  149  10:18  Mutalisk  
  136  10:23  Zergling x2  
  136  10:24  Zergling x2  
  136  10:26  Zergling x2  
Tags
 
Add a new tag
Caveats
  • Supply blocks, unpowered buildings, or Contaminate may cause inaccurate times.
  • Supply counts are checked every 10 seconds.